 Dungeon Crawl Stone Soup version 0.29.0-4-gdea44cf6ec (webtiles) character file.

Game seed: 13211298742529373561

543 qw the Cleaver (level 7, 0/41 HPs)
             Began as a Tengu Warper on Aug 28, 2022.
             Succumbed to a water moccasin's poison
             ... on level 6 of the Dungeon.
             The game lasted 00:00:22 (3780 turns).

qw the Cleaver (Tengu Warper)                       Turns: 3780, Time: 00:00:22

Health: 0/41       AC: 11    Str: 19    XL:     7   Next: 27%
Magic:  11/11      EV: 12    Int: 13    God:
Gold:   187        SH:  0    Dex: 14    Spells: 10/10 levels left

rFire   . . .      SeeInvis .   f - +0 war axe
rCold   . . .      Faith    .   (no shield)
rNeg    . . .      Spirit   .   e - +0 scale mail
rPois   .          Reflect  .   (helmet restricted)
rElec   .          Harm     .   (no cloak)
rCorr   .          Rampage  .   c - +0 pair of gloves
Will    .....                   (boots unavailable)
Stlth   ..........              (no amulet)
HPRegen 0.13/turn               b - +6 ring of strength
MPRegen 0.12/turn               d - +4 ring of protection

@: lethally poisoned (0 -> -4), flying quickly and evasively, quick
A: beak, talons 3, nimble flight
a: no special abilities


You were on level 6 of the Dungeon.
You visited 1 branch of the dungeon, and saw 5 of its levels.

You collected 187 gold pieces.


Innate Abilities, Weirdness & Mutations

You have a beak for a mouth.
You have claws for feet.
Your magical nature lets you fly swiftly and evasively.


   Skills:
 - Level 3.0 Fighting
 - Level 8.1 Axes
 - Level 1.0 Throwing
 + Level 1.1 Armour
 - Level 2.1 Dodging
 - Level 2.0 Spellcasting
 - Level 2.4 Translocations


You had 10 spell levels left.
You didn't know any spells.
Your spell library contained the following spells:

 Spells                   Type           Power      Damage    Failure   Level
 Blink                    Tloc           14%        N/A       41%         2
 Gell's Gravitas          Tloc           7%         N/A       65%         3
 Lesser Beckoning         Tloc           7%         N/A       65%         3
 Teleport Other           Tloc           7%         N/A       65%         3
 Manifold Assault         Tloc           7%         N/A       100%        5

Inventory:

Hand Weapons
 a - a +0 flail
 f - a +0 war axe (weapon)
Armour
 c - a +0 pair of gloves (worn)
 e - a +0 scale mail (worn)
Jewellery
 b - a +6 ring of strength (left hand)
 d - a +4 ring of protection (right hand)
 h - a ring of fire
Potions
 g - a potion of invisibility {unknown}
 i - a potion of berserk rage {unknown}
 j - a potion of curing {unknown}

Dungeon Overview and Level Annotations

Branches:
Dungeon (6/15)
 Temple: D:4-7

Altars:

Annotations:
D:3 1 runed translucent door, Crazy Yiuf


Message History

The water moccasin bites you but does no damage.
You closely miss the water moccasin. Your kick misses the water moccasin.
The water moccasin bites you but does no damage.
You miss the water moccasin. Your kick misses the water moccasin.
The water moccasin bites you but does no damage.
The water moccasin bites you!
You miss the water moccasin. Your peck misses the water moccasin.
The water moccasin bites you but does no damage.
You slash the water moccasin!
The water moccasin is moderately wounded.
The water moccasin bites you.
You are poisoned.
The water moccasin poisons you! The water moccasin bites you.
You are lethally poisoned!
The water moccasin poisons you!
You slash the water moccasin! You claw the water moccasin.
The water moccasin is almost dead.
You feel extremely sick.
The water moccasin bites you but does no damage. x2
You closely miss the water moccasin. Your kick misses the water moccasin.
Your peck misses the water moccasin.
The water moccasin is almost dead.
You feel very sick.
The water moccasin bites you but does no damage.
You slash the water moccasin!
You kill the water moccasin!
You feel very sick.
Your Axes skill increases to level 8!
There is a lethal amount of poison in your body!
You feel very sick.
There is a lethal amount of poison in your body!
You feel very sick.
There is a lethal amount of poison in your body!
You feel sick.
There is a lethal amount of poison in your body!
You feel sick.
There is a lethal amount of poison in your body!
You feel sick.
There is a lethal amount of poison in your body!
You die...

#........#...........'..
####.#.#.#..##########..
#.#.#.#..# #####..
#.#.#.#..# #...... #
#.#.#>.# #...... ####
#.#.#.## #......
.....#.#.#.. #.......
.......#.##..## #...####
#@..../..##...
#..###.#.##... #.... #.
#...#.. #..)# .# #.#.. #
#..... ###.##.


There were no monsters in sight!

Vanquished Creatures
  A water moccasin (D:6)
  Pargi (D:3)
  A black bear (D:6)
  A jelly (D:6)
  3 orc priests (D:3)
  Terence (D:2)
  An adder (D:3)
  A shadow imp (D:6)
  An ufetubus (D:6)
  3 worms
  A dart slug (D:2)
  7 orcs (D:3)
  4 ball pythons
  6 endoplasms
  2 giant cockroaches (D:2)
  2 goblins (D:1)
  10 hobgoblins
  6 jackals (D:3)
  7 kobolds
  4 quokkas
  4 bats
  5 frilled lizards
  3 rats
75 creatures vanquished.

Vanquished Creatures (others)
  2 plants (D:2)
  4 toadstools (D:1)
  A withered plant (D:4)
7 creatures vanquished.

Grand Total: 82 creatures vanquished

Notes
Turn   | Place    | Note
-------+----------+-------------------------------------------
     0 | D:1      | qw the Tengu Warper began the quest for the Orb.
     0 | D:1      | Reached XP level 1. HP: 12/12 MP: 4/4
     0 | D:1      | 0 ||| qw: Version: 0.1-a-89-g26bdef1
     0 | D:1      | 0 ||| qw: Game counter: 896
     0 | D:1      | 0 ||| qw: Always use a shield: true
     0 | D:1      | 0 ||| qw: God list: Okawaru
     0 | D:1      | 0 ||| qw: Allow faded altars: false
     0 | D:1      | 0 ||| qw: Do Orc after D:15 true
     0 | D:1      | 0 ||| qw: Do second Lair branch before Depths: true
     0 | D:1      | 0 ||| qw: Lair rune preference: random
     0 | D:1      | 0 ||| qw: Plans: Normal
     0 | D:1      | 0 ||| PLANNING D:1-11
   120 | D:1      | Reached XP level 2. HP: 17/17 MP: 6/6
   123 | D:1      | Reached skill level 3 in Axes
   167 | D:1      | 167 ||| Stepping ~*~*~tactically~*~*~ (stealth).
   172 | D:1      | 172 ||| Stepping ~*~*~tactically~*~*~ (stealth).
   623 | D:1      | Reached XP level 3. HP: 21/21 MP: 7/7
   974 | D:1      | 974 ||| UPGRADING to +0 ring mail.
   984 | D:1      | 984 ||| DROPPING +0 leather armour.
   985 | D:1      | 985 ||| READING scroll labelled VUTYOL KIYTAR.
   986 | D:1      | 986 ||| READING scroll labelled HYPLOZX DIMM.
   987 | D:1      | 987 ||| READING scroll labelled WORAAZEWUGH.
   988 | D:1      | 988 ||| DROPPING scroll of blinking.
  1069 | D:2      | Reached skill level 4 in Axes
  1793 | D:2      | Noticed Terence
  1799 | D:2      | 1799 ||| Stepping ~*~*~tactically~*~*~ (stealth).
  1802 | D:2      | HP: 4/21 [Terence/+0 falchion (7)]
  1803 | D:2      | Killed Terence
  1804 | D:2      | Reached XP level 4. HP: 5/26 MP: 8/8
  2135 | D:2      | Found a faded altar of an unknown god.
  2408 | D:2      | 2408 ||| UPGRADING to +0 pair of gloves.
  2413 | D:2      | 2413 ||| UPGRADING to +0 scale mail.
  2423 | D:2      | 2423 ||| DROPPING +0 ring mail.
  2424 | D:2      | 2424 ||| UPGRADING to +6 ring of strength.
  2425 | D:2      | 2425 ||| READING scroll labelled CUHYOR UTAU.
  2426 | D:2      | 2426 ||| READING scroll labelled MUNEEPLONU.
  2449 | D:3      | Reached skill level 5 in Axes
  2456 | D:3      | Gained mutation: Your magical nature lets you fly swiftly
                  | and evasively. [Tengu growth]
  2456 | D:3      | Reached XP level 5. HP: 30/30 MP: 9/9
  2511 | D:3      | Found a runed translucent door.
  2512 | D:3      | Noticed Crazy Yiuf
  2545 | D:3      | 2545 ||| Stepping ~*~*~tactically~*~*~ (stealth).
  2547 | D:3      | 2547 ||| Stepping ~*~*~tactically~*~*~ (hiding).
  2563 | D:3      | Reached skill level 6 in Axes
  2593 | D:3      | 2593 ||| FLEEEEING.
  2594 | D:3      | 2594 ||| FLEEEEING.
  2595 | D:3      | 2595 ||| FLEEEEING.
  2596 | D:3      | 2596 ||| FLEEEEING.
  2597 | D:3      | 2597 ||| FLEEEEING.
  2598 | D:3      | 2598 ||| FLEEEEING.
  2599 | D:3      | 2599 ||| FLEEEEING.
  2600 | D:3      | 2600 ||| FLEEEEING.
  2601 | D:3      | 2601 ||| FLEEEEING.
  2602 | D:3      | 2602 ||| FLEEEEING.
  2608 | D:3      | 2608 ||| FLEEEEING.
  2609 | D:3      | 2609 ||| FLEEEEING.
  2610 | D:3      | 2610 ||| FLEEEEING.
  2613 | D:3      | 2613 ||| FLEEEEING.
  2616 | D:3      | 2616 ||| FLEEEEING.
  2620 | D:3      | 2620 ||| STAIRDANCE
  2662 | D:3      | Noticed Pargi
  2676 | D:3      | Killed Pargi
  2677 | D:3      | Reached skill level 7 in Axes
  2677 | D:3      | Reached XP level 6. HP: 26/35 MP: 10/10
  2787 | D:3      | 2787 ||| DROPPING +0 mace.
  2879 | D:3      | 2879 ||| FLEEEEING.
  2885 | D:3      | 2885 ||| STAIRDANCE
  3499 | D:3      | 3499 ||| UPGRADING to +4 ring of protection.
  3500 | D:3      | 3500 ||| READING scroll labelled KEDUAB FIEMP.
  3579 | D:4      | You are sucked into a shaft and drop 2 floors!
  3623 | D:6      | Reached skill level 3 in Fighting
  3709 | D:6      | 3709 ||| SWAPPING to +0 war axe.
  3710 | D:6      | 3710 ||| DROPPING +0 hand axe of venom.
  3722 | D:6      | Noticed a black bear
  3729 | D:6      | Killed a black bear
  3730 | D:6      | Reached XP level 7. HP: 41/41 MP: 11/11
  3775 | D:6      | Reached skill level 8 in Axes
  3775 | D:6      | HP: 9/41 [poisoned by a water moccasin]
  3777 | D:6      | HP: 4/41 [poisoned by a water moccasin]
  3779 | D:6      | HP: 1/41 [poisoned by a water moccasin]
  3780 | D:6      | Succumbed to a water moccasin's poison

Levels and vault maps discovered:
D:1:      ldierk_walled_garden_2, layout_loops_ring, minmay_misc_feat_cross,
          fountainhead, minmay_hexomino_c4
D:2:      layout_basic, shapermc_ecumenical_altar_mp_vishouse, serial_forest,
          infiniplex_forest_corner_1, infiniplex_forest_clump_diagonal,
          infiniplex_forest_straight_2, infiniplex_forest_3_way,
          infiniplex_forest_end_2, infiniplex_forest_join,
          infiniplex_forest_lined_room_, infiniplex_forest_zigzag_2,
          uniq_terence
D:3:      layout_loops_cross, moated_statue, minivault_19, uniq_pargi,
          uniq_crazy_yiuf_cottage
D:4:      layout_gridville, amcnicky_altar_gilded, kiku_gazebo_garden_becter,
          mainiacjoe_overflow_swirl, minmay_crossroads
D:6:      layout_basic, trog_three_pillars_becter, uniq_duvessa

Skill      XL: |  1  2  3  4  5  6  7 |
---------------+----------------------+-----
Axes           | 3 4 5 7 8 |  8.1
Fighting       | 3 |  3.0
Throwing       | |  1.0
Armour         | |  1.1
Dodging        | |  2.1
Spellcasting   | |  2.0
Translocations | |  2.4

Action                   |  1- 3 |  4- 6 |  7- 9 || total
-------------------------+-------+-------+-------++-------
Melee: Hand axe          |    93 |    86 |       ||   179
       Peck              |    12 |     9 |       ||    21
       Kick              |    22 |    34 |     1 ||    57
       Punch             |     1 |       |       ||     1
       War axe           |       |     2 |     9 ||    11
Throw: Boomerang         |    10 |       |       ||    10
  Use: Scroll            |     3 |     3 |       ||     6
Armor: Leather armour    |     2 |       |       ||     2
       Ring mail         |    12 |     1 |       ||    13
       Scale mail        |       |    39 |     8 ||    47
Dodge: Dodged            |    37 |    52 |     3 ||    92

Table legend:
 A = Non-vault XP
 B = Vault XP
 C = Vault XP percentage of total XP
 D = Non-vault monster count
 E = Vault monster count
 F = Vault count percentage of total count
                 A         B        C        D         E       F
            +---------+---------+-------+---------+---------+-------
      Total |     592 |     185 |  23.8 |      68 |       7 |   9.3
            +---------+---------+-------+---------+---------+-------
        D:1 |      36 |       8 |  18.2 |      20 |       5 |  20.0
        D:2 |      28 |      36 |  56.2 |      14 |       1 |   6.7
        D:3 |     194 |     141 |  42.1 |      28 |       1 |   3.4
        D:4 |       2 |       0 |   0.0 |       1 |       0 |   0.0
        D:6 |     332 |       0 |   0.0 |       5 |       0 |   0.0
            +---------+---------+-------+---------+---------+-------
